 Dungeon Crawl Stone Soup version 0.21.1-1-g345015fe64 (webtiles) character file.

2203 Gargoyl the Skirmisher (level 9, -1/75 HPs)
             Began as a Centaur Abyssal Knight on July 19, 2018.
             Was a Priest of Lugonu.
             Killed from afar by Dowan (11 damage)
             ... with a shard of ice
             ... on level 7 of the Dungeon.
             The game lasted 00:10:25 (6163 turns).

Gargoyl the Skirmisher (Centaur Abyssal Knight)     Turns: 6163, Time: 00:10:26

Health: -1/75      AC: 17    Str: 15    XL:     9   Next: 12%
Magic:  13/13      EV:  5    Int: 11    God:    Lugonu [***...]
Gold:   274        SH:  0    Dex: 12    Spells: 8/8 levels left

rFire    . . .     SeeInvis +   a - +6 hand axe
rCold    . . .     Gourm    .   (no shield)
rNeg     . . .     Faith    .   u - +3 chain mail
rPois    .         Spirit   .   g - +0 helmet
rElec    .         Reflect  .   b - +0 cloak
rCorr    .         Harm     .   f - +2 pair of gloves
MR       .....                  (no barding)
Stlth    ..........             (no amulet)
HPRegen  0.22/turn              r - ring of see invisible
MPRegen  0.13/turn              (no ring)

@: very quick
A: large, hooves 3, deformed body, speed 2, tough skin 3
a: Depart the Abyss, Bend Space, Banish, Renounce Religion


You were on level 7 of the Dungeon.
You worshipped Lugonu.
Lugonu was most pleased with you.
You were not hungry.

You visited 1 branch of the dungeon, and saw 7 of its levels.
You visited the Abyss 1 time.

You collected 274 gold pieces.

Inventory:

Hand Weapons
 a - a +6 hand axe (weapon)
Missiles
 h - 12 tomahawks
 j - 5 javelins of returning (quivered)
Armour
 b - a +0 cloak (worn)
 f - a +2 pair of gloves (worn)
 g - a +0 helmet (worn)
 u - a +3 chain mail (worn)
Jewellery
 n - an uncursed ring of flight
 r - a ring of see invisible (left hand)
Scrolls
 e - 2 scrolls of magic mapping
 i - 5 scrolls of identify
 m - a scroll of blinking
 o - a scroll of amnesia
 s - a scroll of remove curse
Potions
 k - a potion of brilliance
 l - a potion of flight
Books
 d - a book of Air

   Spells                             Type                      Level
   a - Shock                          Conjuration/Air              1
   b - Swiftness                      Charms/Air                   2
   c - Static Discharge               Conjuration/Air              3
   d - Airstrike                      Air                          4
   e - Lightning Bolt                 Conjuration/Air              5
 q - a book of Minor Magic

   Spells                             Type                      Level
   a - Magic Dart                     Conjuration                  1
   b - Blink                          Translocation                2
   c - Call Imp                       Summoning                    2
   d - Slow                           Hexes                        2
   e - Conjure Flame                  Conjuration/Fire             3
   f - Mephitic Cloud                 Conjuration/Poison/Air       3
Comestibles
 c - 10 rations


   Skills:
 + Level 6.0 Fighting
 + Level 6.0 Axes
 * Level 5.5 Armour
 + Level 1.8 Dodging
 * Level 5.5 Invocations


You had 8 spell levels left.
You didn't know any spells.

Dungeon Overview and Level Annotations

Branches:
Dungeon (7/15)             Temple (0/1) D:4

Altars:
Fedhas
Gozag
Hepliaklqana
Kikubaaqudgha
Okawaru
Qazlal
Ru
Sif Muna
Xom
Yredelemnul

Annotations:
D:3 2 transporters, Menkaure, Sigmund
D:7 Dowan


Innate Abilities, Weirdness & Mutations

You have hooves in place of feet.
Armour fits poorly on your strangely shaped body.
You cover ground very quickly.
You have extremely tough skin. (AC +3)


Message History

You feel sick. Dowan gestures at you while chanting. The stone arrow hits you!
* * * LOW HITPOINT WARNING * * *
You feel sick.
Dowan mumbles some strange words.
Dowan blinks!
You feel better. Dowan casts a spell at you. The shard of ice hits you!
* * * LOW HITPOINT WARNING * * *
Dowan casts a spell at you. The stone arrow hits you!
* * * LOW HITPOINT WARNING * * *
Press: ? - help, Shift-Dir - straight line, f - Dowan
Aim: Dowan, wielding a dagger of venom and wearing a robe (almost dead, fast, chance to defeat MR: 83%)
You fail to use your ability.
Dowan points at you and mumbles some strange words.
The shard of ice hits you!
You die...

##### .... #e..
######## #...
#......####
#.).########..........
#.............###+###.
#....@.....##.# #.#
#....†)....##.###.###.
#..........##.'.._###.
#...#########.###.###.
#... #.# #.# #...
#.###'###. ....
#......... ###.#
#....##### #.
#####'####


You could see Dowan.

Vanquished Creatures
  The ghost of motoroller71 the Ducker, a novice GnGl of Makhleb (D:5)
  Grinder (D:4)
  The ghost of Ablot the Cudgeler, an amateur GrMo (D:3)
  Duvessa (D:7)
  A phantom (D:5)
  An eye of draining (Abyss:1)
  2 ice beasts (D:6)
  An ogre (D:6)
  A bullfrog (D:6)
  A scorpion (D:6)
  4 wights (D:6)
  Crazy Yiuf (D:2)
  5 orc priests
  5 orc wizards
  An iguana (D:5)
  5 worker ants
  A hound skeleton (D:2)
  7 gnolls
  4 adders
  A worm (D:4)
  2 dart slugs
  A leopard gecko (D:1)
  15 orcs
  8 bats
  3 giant cockroaches
  A goblin (D:1)
  8 hobgoblins
  4 jackals (D:5)
  5 quokkas
  A ball python (D:1)
  3 frilled lizards
  A jackal skeleton (D:6)
  3 kobolds
  6 rats
  A fungus (D:6)
107 creatures vanquished.

Vanquished Creatures (others)
  2 orc warriors (D:6)
  A black bear (D:6)
  An ogre (D:6)
  A bullfrog (D:6)
  A jelly (D:6)
  A centaur skeleton (D:6)
  An adder (D:6)
  A leopard gecko (D:6)
  2 jackals (D:6)
11 creatures vanquished.

Grand Total: 118 creatures vanquished

Notes
Turn   | Place    | Note
-------+----------+-------------------------------------------
     0 | Abyss:1  | Gargoyl the Centaur Abyssal Knight began the quest for the Orb.
     0 | Abyss:1  | Reached XP level 1. HP: 19/19 MP: 2/2
    32 | Abyss:1  | Noticed an eye of draining
    41 | Abyss:1  | Killed an eye of draining
    41 | Abyss:1  | Reached XP level 2. HP: 28/28 MP: 0/3
    41 | Abyss:1  | Reached XP level 3. HP: 34/34 MP: 0/4
    41 | Abyss:1  | Reached XP level 4. HP: 41/41 MP: 0/5
    94 | Abyss:1  | Noticed a smoke demon
    94 | D:1      | Escaped the Abyss
   335 | D:1      | Reached * piety under Lugonu
  1020 | D:2      | Found a runed door.
  1024 | D:2      | Noticed Crazy Yiuf
  1030 | D:2      | Killed Crazy Yiuf
  1030 | D:2      | Reached XP level 5. HP: 44/47 MP: 5/7
  1087 | D:2      | Reached skill level 1 in Dodging
  1272 | D:2      | Found an iron altar of Okawaru.
  1371 | D:3      | Found a blossoming altar of Fedhas.
  1706 | D:3      | Reached ** piety under Lugonu
  1706 | D:3      | Reached XP level 6. HP: 49/55 MP: 8/8
  1714 | D:3      | Found a transporter.
  1719 | D:3      | Found a transporter.
  1724 | D:3      | Found a basalt altar of Yredelemnul.
  1728 | D:3      | Noticed Menkaure
  1735 | D:3      | Noticed Sigmund
  1804 | D:3      | Found an ancient bone altar of Kikubaaqudgha.
  1945 | D:3      | Noticed Ablot's ghost (amateur GrMo)
  1967 | D:3      | Killed Ablot's ghost
  1967 | D:3      | Reached skill level 5 in Fighting
  2599 | D:4      | Found a staircase to the Ecumenical Temple.
  3037 | D:4      | Noticed Grinder
  3052 | D:4      | Paralysed by Grinder for 7 turns
  3063 | D:4      | Killed Grinder
  3063 | D:4      | Reached XP level 7. HP: 26/61 MP: 9/9
  3248 | D:4      | Found a deep blue altar of Sif Muna.
  3456 | D:5      | Entered Level 5 of the Dungeon
  3456 | D:5      | Found a hazy altar of Hepliaklqana.
  3557 | D:5      | Noticed motoroller71's ghost (novice GnGl)
  4030 | D:6      | Reached XP level 8. HP: 52/69 MP: 11/11
  4303 | D:6      | Found a shimmering altar of Xom.
  4535 | D:6      | Reached skill level 5 in Axes
  4731 | D:6      | Found an opulent altar of Gozag.
  4879 | D:5      | Reached *** piety under Lugonu
  5532 | D:5      | Killed motoroller71's ghost
  5532 | D:5      | Reached skill level 5 in Armour
  5532 | D:5      | Reached skill level 5 in Invocations
  5857 | D:6      | Found a sacrificial altar of Ru.
  5870 | D:6      | Reached XP level 9. HP: 75/75 MP: 13/13
  6117 | D:7      | Found a stormy altar of Qazlal.
  6133 | D:7      | Noticed Duvessa
  6134 | D:7      | Noticed Dowan
  6140 | D:7      | Killed Duvessa
  6163 | D:7      | Killed from afar by Dowan

Skill      XL: |  1  2  3  4  5  6  7  8  9 |
---------------+----------------------------+-----
Fighting       | 4 5 6 |  6.0
Axes           | 2 3 4 5 6 |  6.0
Armour         | 2 3 5 |  5.5
Dodging        | 1 |  1.8
Invocations    | 3 4 5 |  5.5

Action                   |  1- 3 |  4- 6 |  7- 9 || total
-------------------------+-------+-------+-------++-------
Melee: Hand axe          |     7 |   174 |   228 ||   409
       Kick              |     5 |    20 |    52 ||    77
Invok: Depart the Abyss  |       |     1 |       ||     1
  Use: Scroll            |       |    16 |     1 ||    17
       Potion            |       |     4 |     5 ||     9
 Stab: Invisible         |       |     1 |     2 ||     3
  Eat: Chunk             |       |     4 |     3 ||     7
       Ration            |       |     1 |     1 ||     2
Armor: Leather armour    |       |    43 |       ||    43
       Chain mail        |       |   106 |   175 ||   281
Dodge: Dodged            |       |    72 |    38 ||   110
